 Dungeon Crawl Stone Soup version 0.28-a0-925-gd5e1996cdb (webtiles) character file.

Game seed: 2407882712824588595

1292 croobank the Poker (level 8, -7/66 (67) HPs)
             Began as a Gnoll Cinder Acolyte on Nov 26, 2021.
             Was a Priest of Ignis.
             Mangled by a tengu warrior (15 damage)
             ... on level 8 of the Dungeon.
             The game lasted 00:42:08 (5808 turns).

croobank the Poker (Gnoll Cinder Acolyte)           Turns: 5808, Time: 00:42:09

HP:   -7/66 (67)    AC: 16    Str: 10 (13) XL:     8   Next: 56%
MP:   11/14         EV: 10    Int: 13 (14) God:    Ignis [***...]
Gold: 378           SH:  0    Dex:  8 (10) Spells: 7/15 levels left

rFire   + . .      SeeInvis .   a - +0 spear
rCold   + + .      Faith    .   (no shield)
rNeg    . . .      Spirit   .   g - +0 ring mail
rPois   .          Reflect  .   (helmet restricted)
rElec   .          Harm     .   y - scarf {rC+ rF+}
rCorr   .          Rampage  .   (no gloves)
Will    .....                   (no boots)
Stlth   +.........              j - amulet of magic regeneration
HPRegen 0.21/turn               d - +4 ring of protection
MPRegen 0.54/turn               B - ring of ice

@: fiery-armoured, very slightly contaminated, lightly drained, invisible
(expiring)
A: fangs 1, strong nose, distributed training, horns 1, subdued magic 1
a: Renounce Religion, Fiery Armour, Foxfire Swarm


You were on level 8 of the Dungeon.
You worshipped Ignis.
Ignis was most pleased with you.
You visited 1 branch of the dungeon, and saw 8 of its levels.
You also visited: Sewer.

You collected 378 gold pieces.

Inventory:

Hand Weapons
 a - a +0 spear (weapon)
 b - a +0 hunting sling of flaming
 e - a +2 vampiric short sword
 p - a +0 mace
 t - a -1 spear of flaming
 v - a +0 rapier
 A - a +2 long sword of electrocution
 C - a +0 war axe
Missiles
 c - 162 stones
 h - 70 bolts
 i - 36 arrows
 u - 6 boomerangs
 w - 23 poisoned darts
Armour
 g - a +0 ring mail (worn)
 n - a +1 plate armour
 o - a +0 scale mail
 y - a scarf of resistance (worn)
Jewellery
 d - a +4 ring of protection (left hand)
 j - an amulet of magic regeneration (around neck)
 B - a ring of ice (right hand)
Wands
 l - a wand of flame (2) (quivered)
Scrolls
 m - 2 scrolls of immolation
 q - a scroll of fog
 z - a scroll of magic mapping {unknown}
Potions
 r - a potion of flight
 x - 3 potions of brilliance


   Skills:
 + Level 7.4 Fighting
 + Level 3.3 Short Blades
 + Level 3.3 Long Blades
 + Level 3.3 Axes
 + Level 3.3 Maces & Flails
 + Level 7.4 Polearms
 + Level 3.3 Staves
 + Level 3.3 Slings
 + Level 3.3 Bows
 + Level 3.3 Crossbows
 + Level 3.3 Throwing
 + Level 3.3 Armour
 + Level 3.3 Dodging
 + Level 3.3 Stealth
 + Level 3.3 Shields
 + Level 3.3 Unarmed Combat
 + Level 4.4 Spellcasting
 + Level 2.7 Conjurations
 + Level 2.7 Hexes
 + Level 2.7 Summonings
 + Level 2.7 Necromancy
 + Level 2.7 Translocations
 + Level 2.7 Transmutations
 + Level 6.1 Fire Magic
 + Level 2.7 Ice Magic
 + Level 2.7 Air Magic
 + Level 2.7 Earth Magic
 + Level 2.7 Poison Magic
 + Level 3.7 Invocations
 + Level 3.3 Evocations


You had 7 spell levels left.
You knew the following spells:

 Your Spells              Type           Power      Damage    Failure   Level
a - Scorch                Fire           28%        2d6       4%          2
b - Summon Small Mammal   Summ           28%        N/A       13%         1
c - Call Canine Familiar  Summ           7%         N/A       38%         3
d - Static Discharge      Conj/Air       7%         N/A       21%         2

Your spell library contained the following spells:

 Spells                   Type           Power      Damage    Failure   Level
 Summon Guardian Golem    Hex/Summ       7%         N/A       38%         3
 Airstrike                Air            3%         N/A       80%         4
 Summon Lightning Spire   Summ/Air       7%         N/A       80%         4
 Lightning Bolt           Conj/Air       3%         1d15      99%         5
 Maxwell's Capacitive Co  Air            3%         ∞         100%        8


Dungeon Overview and Level Annotations

Branches:
Dungeon (9/15)               Lair (0/6) D:8           Sewer (visited)
 Temple: D:4-7          Orc: D:9-12

Altars:

Annotations:
D:4 Edmund


Innate Abilities, Weirdness & Mutations

You have very sharp teeth.
Your uncanny sense of smell can sniff out nearby items.
Your experience applies equally to all skills.
You have a pair of small horns on your head.
Your spells are a little easier to cast, but a little less powerful.


Message History

* * * LOW HITPOINT WARNING * * *
The gargoyle hurls a stone arrow at the orc warrior.
The stone arrow hits the tengu warrior!!
The howler monkey hits you but does no damage.
The howler monkey is burned by your cloak of flames.
The howler monkey is moderately wounded.
The tengu warrior shouts!
Okay, then.
Casting: Scorch (safe; 4% risk of failure)
Confirm with . or Enter, or press ? or * to list all spells.
You miscast Static Discharge.
Nothing appears to happen.
The orc warrior closely misses you. The tengu warrior barely misses you.
The tengu warrior closely misses you.
The tengu warrior claws you but does no damage.
The tengu warrior is burned by your cloak of flames.
The tengu warrior is heavily wounded.
The gargoyle hurls a stone arrow at you.
The stone arrow hits the troll!
The howler monkey hits you but does no damage.
The howler monkey is burned by your cloak of flames.
The howler monkey is heavily wounded.
Casting: Static Discharge (safe; 21% risk of failure)
Confirm with . or Enter, or press ? or * to list all spells.
The tengu warrior is struck by an arc of lightning.
The tengu warrior is heavily wounded.
The lightning grounds out.
The troll shouts!
The orc warrior is no longer more vulnerable to fire.
The tengu warrior hits you with a +1 glaive!
* * * LOW HITPOINT WARNING * * *
The tengu warrior pecks you but does no damage.
The tengu warrior closely misses you.
The howler monkey hits you but does no damage.
The howler monkey is burned by your cloak of flames.
The howler monkey is severely wounded.
Okay, then.
Your cloak of flame flares fiercely!
The howler monkey completely misses you.
The tengu warrior hits you with a +1 glaive!
You die...

#........ #####
#........ ....#
#...... ..#.#
#...z
#...###..#####
###..##.##...#####
##....#..HY'y#.#
######9####o9## ∆.
#.......#TQ@# ..
#.⌠...⌠.##h##
..##.!y.YoT##.
..'..yZ.QY#8.
..##...H⌠..##. .
#.9...⌠.##+ ∆
#.......#
####'#### #.v.


You could see a tengu warrior, a manticore, a yak, a troll, an orc warrior, a
vampire mosquito, a gargoyle and a howler monkey.

Vanquished Creatures
  Eustachio (D:4)
  A sky beast (D:6)
  A black bear (D:4)
  An ice beast (D:5)
  Pargi (D:3)
  An ogre (D:5)
  2 bullfrogs (Sewer)
  2 nameless horrors
  2 howler monkeys
  A wight (D:8)
  A centaur zombie (D:5)
  A bullfrog zombie (D:5)
  A hound (D:4)
  2 jellies
  An orc wizard (D:4)
  12 adders
  An adder skeleton (D:4)
  2 worms
  A dart slug (D:2)
  5 orcs
  15 endoplasms
  7 giant cockroaches
  9 goblins
  7 hobgoblins
  2 jackals (D:1)
  9 quokkas
  4 ball pythons
  5 bats
  6 frilled lizards
  8 kobolds
  5 rats
117 creatures vanquished.

Vanquished Creatures (collateral kills)
  A bullfrog skeleton (D:4)
  A jelly (D:5)
  A nameless horror (Sewer)
  An orc (D:4)
  A hobgoblin (D:4)
5 creatures vanquished.

Vanquished Creatures (others)
  11 foxfires (D:8)
  A plant (D:1)
12 creatures vanquished.

Grand Total: 134 creatures vanquished

Notes
Turn   | Place    | Note
-------+----------+-------------------------------------------
     0 | D:1      | croobank the Gnoll Cinder Acolyte began the quest for the
                  | Orb.
     0 | D:1      | Reached XP level 1. HP: 23/23 MP: 4/4
    94 | D:1      | Reached XP level 2. HP: 25/29 MP: 5/5
   329 | D:1      | Gained mutation: Your spells are a little easier to cast,
                  | but a little less powerful. [potion of mutation]
   329 | D:1      | Gained mutation: You have a pair of small horns on your
                  | head. [potion of mutation]
   517 | D:1      | Learned a level 2 spell: Scorch
   521 | D:1      | Reached XP level 3. HP: 35/35 MP: 1/7
   971 | D:2      | Reached skill level 1 in Invocations
  1324 | D:2      | Reached skill level 1 in Short Blades
  1324 | D:2      | Reached skill level 1 in Long Blades
  1324 | D:2      | Reached skill level 1 in Axes
  1324 | D:2      | Reached skill level 1 in Maces & Flails
  1324 | D:2      | Reached skill level 1 in Staves
  1324 | D:2      | Reached skill level 1 in Slings
  1324 | D:2      | Reached skill level 1 in Bows
  1324 | D:2      | Reached skill level 1 in Crossbows
  1324 | D:2      | Reached skill level 1 in Throwing
  1324 | D:2      | Reached skill level 1 in Armour
  1324 | D:2      | Reached skill level 1 in Dodging
  1324 | D:2      | Reached skill level 1 in Stealth
  1324 | D:2      | Reached skill level 1 in Shields
  1324 | D:2      | Reached skill level 1 in Unarmed Combat
  1324 | D:2      | Reached skill level 1 in Evocations
  1536 | D:2      | Found a faded altar of an unknown god.
  1638 | D:2      | Reached XP level 4. HP: 41/41 MP: 4/8
  1855 | D:3      | Reached skill level 1 in Conjurations
  1855 | D:3      | Reached skill level 1 in Hexes
  1855 | D:3      | Reached skill level 1 in Summonings
  1855 | D:3      | Reached skill level 1 in Necromancy
  1855 | D:3      | Reached skill level 1 in Translocations
  1855 | D:3      | Reached skill level 1 in Transmutations
  1855 | D:3      | Reached skill level 1 in Ice Magic
  1855 | D:3      | Reached skill level 1 in Air Magic
  1855 | D:3      | Reached skill level 1 in Earth Magic
  1855 | D:3      | Reached skill level 1 in Poison Magic
  1913 | D:3      | Learned a level 1 spell: Summon Small Mammal
  2071 | D:3      | Reached XP level 5. HP: 44/47 MP: 6/9
  2406 | D:3      | Noticed Pargi
  2414 | D:3      | Killed Pargi
  2415 | D:3      | Reached XP level 6. HP: 53/53 MP: 3/10
  2495 | D:3      | Learned a level 3 spell: Call Canine Familiar
  2516 | D:4      | Noticed a black bear
  2527 | D:4      | Killed a black bear
  2560 | D:4      | Noticed Eustachio
  2582 | D:4      | Killed Eustachio
  2583 | D:4      | Reached XP level 7. HP: 51/59 MP: 1/12
  3104 | D:4      | Noticed Edmund
  3129 | D:5      | Entered Level 5 of the Dungeon
  3639 | D:5      | Found a glowing drain.
  3666 | Sewer    | Entered a sewer
  4109 | Sewer    | Reached XP level 8. HP: 57/67 MP: 8/14
  4789 | D:5      | Noticed a nameless horror
  4830 | D:5      | Killed a nameless horror
  5110 | D:5      | Learned a level 2 spell: Static Discharge
  5679 | D:6      | You fall into a shaft and drop 3 floors!
  5688 | D:8      | Found a staircase to the Lair.
  5772 | D:8      | Noticed a tengu warrior
  5772 | D:8      | Noticed a troll
  5772 | D:8      | Noticed a yak
  5776 | D:8      | Noticed a yak
  5780 | D:8      | Noticed a manticore
  5782 | D:8      | Noticed a gargoyle
  5808 | D:8      | Mangled by a tengu warrior

Illustrated notes

Levels and vault maps discovered:
D:1:      amcnicky_arrival_double_pillar, layout_loops_cross,
          serial_bayou_pond_e, minmay_quantized
D:2:      layout_basic, ebering_ecumenical_altar_abandoned
D:3:      layout_basic, grunt_decor_mini_mirrors, saegor_snake_ambush,
          uniq_pargi
D:4:      nicolae_BIG_FREAKIN_CUBE, layout_cave_pools, uniq_edmund,
          uniq_eustachio
D:5:      layout_layer_cave, gup_sewer_entry_glass
D:6:      layout_basic, grunt_qazlal_clouds, minmay_temple_entry_purple_smoke
D:8:      minmay_chambers_of_sevens, layout_rooms
D:9:      layout_layer_cave, erik_orc_2, serial_bayou_crossing,
          uniq_prince_ribbit1

Skill      XL: |  1  2  3  4  5  6  7 |
---------------+----------------------+-----
Invocations    | 1 2 3 |  3.7
Short Blades   | 1 2 3 |  3.3
Long Blades    | 1 2 3 |  3.3
Axes           | 1 2 3 |  3.3
Maces & Flails | 1 2 3 |  3.3
Staves         | 1 2 3 |  3.3
Slings         | 1 2 3 |  3.3
Bows           | 1 2 3 |  3.3
Crossbows      | 1 2 3 |  3.3
Throwing       | 1 2 3 |  3.3
Armour         | 1 2 3 |  3.3
Dodging        | 1 2 3 |  3.3
Stealth        | 1 2 3 |  3.3
Shields        | 1 2 3 |  3.3
Unarmed Combat | 1 2 3 |  3.3
Evocations     | 1 2 3 |  3.3
Spellcasting   | 3 4 |  4.4
Conjurations   | 1 2 |  2.7
Hexes          | 1 2 |  2.7
Summonings     | 1 2 |  2.7
Necromancy     | 1 2 |  2.7
Translocations | 1 2 |  2.7
Transmutations | 1 2 |  2.7
Ice Magic      | 1 2 |  2.7
Air Magic      | 1 2 |  2.7
Earth Magic    | 1 2 |  2.7
Poison Magic   | 1 2 |  2.7
Fighting       | 7 |  7.4
Polearms       | 7 |  7.4
Fire Magic     | 6 |  6.1

Action                   |  1- 3 |  4- 6 |  7- 9 || total
-------------------------+-------+-------+-------++-------
Melee: Spear             |    81 |     7 |    71 ||   159
       Bite              |     4 |       |     7 ||    11
       Headbutt          |     4 |     1 |    13 ||    18
       Punch             |       |       |     3 ||     3
 Fire: Hunting sling     |       |       |     1 ||     1
Throw: Stone             |       |     4 |       ||     4
 Cast: Scorch            |    20 |    27 |    84 ||   131
       Summon Small Mamm |       |    10 |     9 ||    19
       Call Canine Famil |       |     3 |    13 ||    16
       Static Discharge  |       |       |     2 ||     2
Invok: Fiery Armour      |       |     1 |     3 ||     4
       Rising Flame      |       |       |     1 ||     1
       Foxfire Swarm     |       |       |     2 ||     2
Evoke: Wand              |       |     2 |     5 ||     7
  Use: Potion            |     4 |       |     5 ||     9
       Scroll            |     2 |     2 |     8 ||    12
 Stab: Sleeping          |     2 |       |       ||     2
Armor: Robe              |    17 |       |       ||    17
       Leather armour    |       |     6 |    14 ||    20
       Ring mail         |       |       |    20 ||    20
Dodge: Dodged            |    35 |    17 |    66 ||   118

Table legend: (Time is in decaauts)
 A = Elapsed time spent in this place.
 B = Non-inter-level travel time spent in this place.
 C = Inter-level travel time spent in this place.
 D = Time resting spent in this place.
 E = Time spent auto-exploring this place.
 F = Levels seen in this place.
 G = Mean time per level.
                   A        B        C        D        E       F      G
               +--------+--------+--------+--------+--------+-----+--------+
         Total |   5875 |   5758 |    117 |    511 |   3890 |   9 |  652.8 |
       Dungeon |   5080 |   4963 |    117 |    343 |   3397 |   8 |  635.0 |
         Sewer |    794 |    794 |      0 |    168 |    492 |   1 |  794.0 |
               +--------+--------+--------+--------+--------+-----+--------+

Top non-repeatable levels by time:
     D:5: 1743 daAuts
     D:2: 935 daAuts
     D:1: 856 daAuts
   Sewer: 794 daAuts
     D:3: 743 daAuts
     D:4: 588 daAuts
     D:8: 119 daAuts
     D:6: 84 daAuts
     D:9: 8 daAuts
